 Dungeon Crawl Stone Soup version 0.31.0-9-g3a7656b989 (webtiles) character file.

Game seed: 16932731357966330942

117 qw the Skirmisher (level 4, -1/25 HPs)
             Began as a Deep Elf Hunter on Feb 3, 2024.
             Slain by Robin
             ... wielding a +0 club
              (3 damage)
             ... on level 3 of the Dungeon.
             The game lasted 00:00:07 (1759 turns).

qw the Skirmisher (Deep Elf Hunter)                 Turns: 1759, Time: 00:00:08

Health: -1/25      AC:  5    Str: 13    XL:     4   Next: 71%
Magic:  6/6        EV: 12    Int: 14    God:
Gold:   158        SH:  0    Dex: 18    Spells: 3/3 levels left

rFire   . . .        a - +0 shortbow
rCold   . . .        (shield currently unavailable)
rNeg    + . .        b - +0 leather armour of the Writhing Gods {rN+ Regen+ Str+3 SInv}
rPois   .            (no helmet)
rElec   .            (no cloak)
rCorr   .            g - +1 pair of gloves
SInv    +            (no boots)
Will    .....        (no amulet)
Stlth   ++           (no ring)
HPRegen 1.04/turn    (no ring)
MPRegen 0.10/turn

%: no passive effects
@: no status effects
A: no striking features
a: no special abilities


You were on level 3 of the Dungeon.
You visited 1 branch of the dungeon, and saw 3 of its levels.

You collected 158 gold pieces.


   Skills:
 - Level 1.5 Fighting
 - Level 8.0 Ranged Weapons
 + Level 2.8 Dodging
 - Level 1.2 Stealth


You had 3 spell levels left.
You didn't know any spells.
Your spell library was empty.

Inventory:

Hand Weapons
 a - a +0 shortbow (weapon)
Armour
 b - the +0 leather armour of the Writhing Gods (worn) {rN+ Regen+ Str+3 SInv}
   (You found it on level 2 of the Dungeon)

   Str+3:     It affects your strength (+3).
   rN+:       It protects you from negative energy.
   SInv:      It lets you see invisible.
   Regen+:    It increases your rate of health regeneration.
 g - a +1 pair of gloves (worn)
Wands
 i - a wand of digging (5)
Scrolls
 h - a scroll of amnesia {unknown}
Potions
 c - a potion of mutation {unknown}
 d - 2 potions of curing
 e - 2 potions of haste
 f - a potion of might
 j - a potion of degeneration {unknown}

Dungeon Overview and Level Annotations

Branches:
Dungeon (3/15)

Altars:

Annotations:
D:3 Robin


Message History

The goblin closely misses you.
You shoot an arrow. The arrow hits the goblin!
You kill the goblin!
The goblin closely misses you. The goblin hits you with a +0 dagger.
The goblin closely misses you.
You shoot an arrow. The arrow hits the goblin!
You kill the goblin!
The goblin hits you with a +0 dagger. x2
You shoot an arrow. The arrow hits the goblin!
You kill the goblin!
The goblin hits you with a +0 dagger. The goblin barely misses you.
You shoot an arrow. The arrow hits the goblin!
You kill the goblin!
The goblin barely misses you. The goblin hits you but does no damage.
The goblin barely misses you. x2
You shoot an arrow. The arrow hits Robin.
Robin is lightly wounded.
Robin hits you but does no damage.
The goblin hits you with a +0 dagger. x2
The goblin hits you but does no damage. The goblin barely misses you.
You shoot an arrow. The arrow hits Robin!
Robin is severely wounded.
Robin throws the goblin at you! The goblin hits you but does no damage.
The goblin barely misses you. The goblin hits you with a +0 dagger.
The goblin completely misses you.
You shoot an arrow. The arrow barely misses Robin.
Robin throws the goblin at you! The goblin completely misses you. x2
The goblin hits you with a +0 dagger. The goblin barely misses you.
You shoot an arrow.
The arrow hits Robin but does no damage.
Robin is severely wounded.
The goblin no longer looks unusually strong.
Robin hits you but does no damage. The goblin hits you with a +0 dagger.
The goblin closely misses you. The goblin hits you with a +0 dagger.
The goblin hits you with a +0 club.
You shoot an arrow. The arrow hits Robin.
Robin is almost dead.
The goblin no longer looks unusually strong.
Robin hits you with a +0 club.
You die...
Robin lets out a smug laugh.

## ### ########
##~~ #...#......#
#~~~ +...'...ggg#
##~~ #...#...g@)#
#~~#########..##'g#
#~~#..........#...#
...'....).....#.).#
...'..........#..)#
...'.......(..#...#
.~~#..........#...#
.~~#########..#...#
##~~~..# #..#


You could see Robin and 4 goblins.

Vanquished Creatures
  A bombardier beetle (D:3)
  2 adders (D:2)
  A dart slug (D:3)
  3 ribbon worms
  3 bats
  2 endoplasms
  2 giant cockroaches
  11 goblins
  7 hobgoblins
  4 jackals
  A quokka (D:1)
  4 ball pythons
  4 frilled lizards
  5 kobolds
  3 rats
53 creatures vanquished.

Notes
Turn   | Place    | Note
-------+----------+-------------------------------------------
     0 | D:1      | qw the Deep Elf Hunter began the quest for the Orb.
     0 | D:1      | Reached XP level 1. HP: 12/12 MP: 3/3
     0 | D:1      | 0 ||| qw: Version: 0.3-a-155-g5e7d8dd
     0 | D:1      | 0 ||| qw: Game counter: 2961
     0 | D:1      | 0 ||| qw: Melee chars always use a shield: true
     0 | D:1      | 0 ||| qw: God list: Okawaru
     0 | D:1      | 0 ||| qw: Allow faded altars: false
     0 | D:1      | 0 ||| qw: Do Orc after clearing Dungeon:15 true
     0 | D:1      | 0 ||| qw: Do second Lair branch before Depths: true
     0 | D:1      | 0 ||| qw: Lair rune preference: random
     0 | D:1      | 0 ||| qw: Goals: Normal
     0 | D:1      | 0 ||| PLANNING D:1-11
   268 | D:1      | Reached XP level 2. HP: 16/16 MP: 4/4
   272 | D:1      | Reached skill level 6 in Ranged Weapons
   690 | D:1      | 690 ||| UPGRADING to +0 pair of gloves.
   695 | D:1      | 695 ||| DROPPING scarf of shadows.
   696 | D:1      | 696 ||| READING 3 scrolls labelled UBOTUWK UMOSHI.
   696 | D:1      | 696 ||| IDENTIFYING bubbling yellow potion
   697 | D:1      | 697 ||| READING 2 scrolls of identify.
   697 | D:1      | 697 ||| IDENTIFYING black potion
   698 | D:1      | 698 ||| READING scroll of identify.
   698 | D:1      | 698 ||| IDENTIFYING green potion
   699 | D:1      | 699 ||| READING scroll labelled ISAWOE IQOE.
   700 | D:1      | 700 ||| READING scroll labelled MOUSYTHR ARRAOM.
   700 | D:1      | 700 ||| ENCHANTING +0 pair of gloves.
   701 | D:1      | 701 ||| DROPPING scroll of butterflies.
   702 | D:1      | 702 ||| DROPPING potion of brilliance.
   790 | D:2      | Identified the +0 leather armour of the Writhing Gods {rN+
                  | Regen+ Str+3 SInv}
   804 | D:2      | Reached XP level 3. HP: 20/20 MP: 5/5
   950 | D:2      | Reached skill level 7 in Ranged Weapons
  1387 | D:2      | 1387 ||| UPGRADING to +0 leather armour of the Writhing
                  | Gods {rN+ Regen+ Str+3 SInv}.
  1397 | D:2      | 1397 ||| DROPPING +0 leather armour.
  1398 | D:2      | 1398 ||| READING scroll labelled ZAFUKA NUCWIHULIOS.
  1499 | D:2      | 1499 ||| DRINKING 2 fuming cyan potions.
  1550 | D:3      | Reached XP level 4. HP: 25/25 MP: 6/6
  1721 | D:3      | Reached skill level 8 in Ranged Weapons
  1742 | D:3      | Noticed Robin
  1758 | D:3      | HP: 5/25 [goblin/+0 dagger[Robin] (3)]
  1758 | D:3      | HP: 1/25 [goblin/+0 club[Robin] (4)]
  1759 | D:3      | Slain by Robin

Levels and vault maps discovered:
D:1:      saegor_arrival_under_anarchy, layout_basic
D:2:      layout_loops_ring, minivault_27
D:3:      kennysheep_goblin_castle, layout_rooms

Skill      XL: |  1  2  3  4 |
---------------+-------------+-----
Ranged Weapons | 6 7 8 |  8.0
Fighting       | |  1.5
Dodging        | |  2.8
Stealth        | |  1.2

Action                     |  1- 3 |  4- 6 || total
---------------------------+-------+-------++-------
   Fire: Shortbow          |   117 |    58 ||   175
    Use: Scroll            |     6 |       ||     6
         Potion            |     1 |       ||     1
 Armour: Leather armour    |    18 |    34 ||    52
  Dodge: Dodged            |    34 |    31 ||    65

Table legend:
 A = Non-vault XP
 B = Vault XP
 C = Vault XP percentage of total XP
 D = Non-vault monster count
 E = Vault monster count
 F = Vault count percentage of total count
                 A         B        C        D         E       F
            +---------+---------+-------+---------+---------+-------
      Total |     145 |      23 |  13.7 |      41 |      12 |  22.6
            +---------+---------+-------+---------+---------+-------
        D:1 |      22 |       0 |   0.0 |      14 |       0 |   0.0
        D:2 |      56 |       0 |   0.0 |      19 |       0 |   0.0
        D:3 |      67 |      23 |  25.6 |       8 |      12 |  60.0
            +---------+---------+-------+---------+---------+-------
